 Dungeon Crawl Stone Soup version 0.31-a0-971-g75a2e9a4b4 (webtiles) character file.

Game seed: 3534712484679607369

223650 timneilson the Warrior (level 19, -4/161 HPs)
             Began as a Gnoll Shapeshifter on Oct 28, 2023.
             Was an Initiate of Gozag.
             Slain by a faun
             ... wielding a +0 quarterstaff
             ... led by a satyr
              (10 damage)
             ... on level 3 of the Shoals on Oct 29, 2023.
             The game lasted 02:55:17 (37154 turns).

timneilson the Warrior (Gnoll Shapeshifter)        Turns: 37154, Time: 02:55:18

Health: -4/161     AC: 30    Str: 21    XL:     19   Next: 27%
Magic:  36/36      EV: 12    Int: 15    God:    Gozag
Gold:   3091       SH:  0    Dex: 13    Spells: 38/44 levels left

rFire   . .          .
                       - Unarmed
rCold   + + +        (shield currently unavailable)
rNeg    + . .        U - +0 plate armour "Napsuid" {rN+ Int+4}
rPois   +            i - +2 helmet {SInv}
rElec   .            J - +0 cloak {rC+}
rCorr   +            e - +2 pair of gloves "Wigoufud" {Dex+2}
SInv    +            X - +3 pair of mountain boots {steadfast, rC+}
Will    .....        r - amulet of regeneration Stlth
                     t - ring of flight
HPRegen 1.26/turn    M - ring "Uguecvon" {rPois rC++ rCorr}
MPRegen 0.25/turn

%: no passive effects
@: confused, flux-form, weak-willed, ambrosia-drunk, gold aura, flying, glowing,
studying 4 skills
A: glow, contaminating, fangs 1, strong nose, distributed training
}: 1/15 runes: serpentine
a: Begin Untransformation, Renounce Religion, Potion Petition, Call Merchant,
Bribe Branch


You were on level 3 of the Shoals.
You worshipped Gozag.
Gozag was most pleased with you.
You were something dangerously unstable.
You visited 9 branches of the dungeon, and saw 33 of its levels.
You also visited: Ice Cave.

You collected 16120 gold pieces.
You spent 9089 gold pieces at shops.
You paid 3940 gold pieces to Gozag.

Inventory:

Hand Weapons
 z - the +6 demon trident "Xoaxookh" {pain, Str+5 Int+4}
   (You found it on level 12 of the Dungeon)

   Str+5:     It affects your strength (+5).
   Int+4:     It affects your intelligence (+4).
Armour
 e - the +2 pair of gloves "Wigoufud" (worn) {Dex+2}
   (You bought it in a shop on level 2 of the Dungeon)

   Dex+2:     It affects your dexterity (+2).
 i - a +2 helmet of see invisible (worn)
 J - a +0 cloak of cold resistance (worn)
 S - a +0 kite shield of reflection
 U - the +0 plate armour "Napsuid" (worn) {rN+ Int+4}
   (You bought it in a shop on level 2 of the Dungeon)

   Int+4:     It affects your intelligence (+4).
   rN+:       It protects you from negative energy.
 X - the +3 pair of mountain boots (worn) {steadfast, rC+}
   (You found it on level 14 of the Dungeon)

   Steadfast: It prevents involuntary movement, except for blinking,
   teleportation, or banishment.
   rC+:       It protects you from cold.
Jewellery
 c - the ring of Betuuppoy {Fire Will- Str-4 Dex+9 Slay+5}
   (You took it off a balrug on level 1 of the Depths)

   [ring of fire]

   Fire:      It enhances your fire magic.
   Str-4:     It affects your strength (-4).
   Dex+9:     It affects your dexterity (+9).
   Slay+5:    It affects your accuracy & damage with ranged weapons and melee
   (+5).
   rF+:       It protects you from fire.
   rC-:       It makes you vulnerable to cold.
   Will-:     It decreases your willpower.
 m - a ring of willpower
 q - a +4 ring of slaying
 r - an amulet of regeneration (around neck)
 t - a ring of flight (left hand)
 u - a ring of protection from fire
 G - a ring of positive energy
 M - the ring "Uguecvon" (right hand) {rPois rC++ rCorr}
   (You took it off a centaur warrior on level 11 of the Dungeon)

   [ring of poison resistance]

   rC++:      It greatly protects you from cold.
   rPois:     It protects you from poison rCorr: It protects you from acid and
   corrosion.
Talismans
 d - a flux talisman (active)
 x - a storm talisman
 y - a blade talisman
 O - a serpent talisman
Wands
 o - a wand of polymorph (14)
 p - a wand of paralysis (17)
 E - a wand of iceblast (20)
 I - a wand of quicksilver (6)
 T - a wand of flame (35)
 W - a wand of mindburst (14)
Scrolls
 h - 3 scrolls of fog
 n - 2 scrolls of fear
 s - 5 scrolls of amnesia
 v - 6 scrolls of noise
 A - a scroll of blinking
 B - 16 scrolls of teleportation
 D - 3 scrolls of revelation
 F - 2 scrolls of silence
 H - 10 scrolls of identify
 K - 3 scrolls of summoning
 Q - 3 scrolls of brand weapon
 R - 3 scrolls of enchant armour
 V - a scroll of poison
 Y - a scroll of immolation
Potions
 b - a potion of haste
 f - 8 potions of curing
 g - 4 potions of enlightenment
 j - 4 potions of ambrosia
 k - 8 potions of attraction
 l - 6 potions of mutation
 w - a potion of cancellation
 C - 3 potions of invisibility
 L - 4 potions of might
Miscellaneous
 a - a phial of floods
 N - a condenser vane
 P - a box of beasts


   Skills:
 + Level 17.4 Fighting
 + Level 13.2 Short Blades
 + Level 13.2 Long Blades
 + Level 13.2 Axes
 + Level 13.2 Maces & Flails
 + Level 13.2 Polearms
 + Level 13.2 Staves
 + Level 13.2 Ranged Weapons
 + Level 13.2 Throwing
 + Level 14.5 Armour
 + Level 13.9 Dodging
 + Level 13.2 Stealth
 + Level 13.2 Shields
 + Level 15.8 Unarmed Combat
 + Level 13.2 Spellcasting
 + Level 11.2 Conjurations
 + Level 11.2 Hexes
 + Level 11.2 Summonings
 + Level 11.2 Necromancy
 + Level 11.2 Translocations
 + Level 11.2 Transmutations
 + Level 11.2 Fire Magic
 + Level 11.2 Ice Magic
 + Level 11.2 Air Magic
 + Level 11.2 Earth Magic
 + Level 11.2 Poison Magic
 + Level 14.3 Invocations
 + Level 13.2 Evocations
 + Level 14.8 Shapeshifting


You had 38 spell levels left.
You knew the following spells:

 Your Spells              Type           Power      Damage    Failure   Level
a - Apportation           Tloc           86%        N/A       1%          1
b - Blink                 Tloc           86%        N/A       1%          2
c - Stone Arrow           Conj/Erth      86%        3d12      2%          3

Your spell library contained the following spells:

 Spells                   Type           Power      Damage    Failure   Level
 Freeze                   Ice            100%       1d10      1%          1
 Kiss of Death            Conj/Necr      100%       2d13      1%          1
 Magic Dart               Conj           100%       1d8       1%          1
 Sting                    Tmut/Pois      100%       1d8       1%          1
 Call Imp                 Summ           86%        N/A       1%          2
 Jinxbite                 Hex            86%        N/A       1%          2
 Lesser Beckoning         Tloc           86%        N/A       1%          2
 Momentum Strike          Conj/Tloc      86%        3d10      1%          2
 Poisonous Vapours        Pois/Air       86%        N/A       1%          2
 Static Discharge         Conj/Air       86%        3-7/arc   1%          2
 Confusing Touch          Hex            43%        N/A       2%          3
 Frozen Ramparts          Ice            86%        1d13      2%          3
 Hailstorm                Conj/Ice       43%        3d10      2%          3
 Inner Flame              Hex/Fire       43%        N/A       2%          3
 Mephitic Cloud           Conj/Pois/Air  43%        N/A       2%          3
 Ozocubu's Armour         Ice            43%        N/A       2%          3
 Summon Guardian Golem    Hex/Summ       43%        N/A       2%          3
 Tukima's Dance           Hex            43%        N/A       2%          3
 Airstrike                Air            21%        2d(4-20)  8%          4
 Anguish                  Hex/Necr       21%        N/A       8%          4
 Animate Armour           Summ/Erth      86%        N/A       8%          4
 Cause Fear               Hex            21%        N/A       8%          4
 Dimensional Bullseye     Hex/Tloc       21%        N/A       8%          4
 Dispel Undead            Necr           43%        3d17      8%          4
 Flame Wave               Conj/Fire      43%        2d11      8%          4
 Iskenderun's Mystic Bla  Conj/Tloc      43%        2d10      8%          4
 Manifold Assault         Tloc           43%        N/A       8%          4
 Olgreb's Toxic Radiance  Pois           43%        N/A       8%          4
 Sticky Flame             Conj/Fire      43%        2d6       8%          4
 Summon Lightning Spire   Summ/Air       43%        N/A       8%          4
 Vhi's Electric Charge    Tloc/Air       86%        N/A       8%          4
 Alistair's Intoxication  Tmut/Pois      28%        N/A       21%         5
 Arcjolt                  Conj/Air       21%        1d31      21%         5
 Fireball                 Conj/Fire      21%        3d10      21%         5
 Metabolic Englaciation   Hex/Ice        21%        N/A       21%         5
 Dispersal                Tloc           21%        N/A       75%         6
 Plasma Beam              Fire/Air       21%        2x1d33    75%         6
 Enfeeble                 Hex            21%        N/A       99%         7
 Orb of Destruction       Conj           21%        9d8       99%         7
 Spellforged Servitor     Conj/Summ      21%        N/A       99%         7
 Disjunction              Tloc           21%        N/A       100%        8
 Lehudib's Crystal Spear  Conj/Erth      21%        10d6      100%        8
 Dragon's Call            Summ           21%        N/A       100%        9
 Simulacrum               Ice/Necr       Unusable   N/A       N/A         6

Dungeon Overview and Level Annotations

Branches:
Dungeon (15/15)            Temple (1/1) D:5            Lair (5/5) D:10
 Shoals (3/4) Lair:3        Snake (4/4) Lair:2        Slime (0/5) Lair:5
    Orc (2/2) D:11            Elf (1/3) Orc:2        Vaults (1/5) D:14
 Depths (1/4) D:15          IceCv (visited)

Altars:
Ashenzari
Cheibriados
Dithmenos
Elyvilon
Fedhas
Gozag
Hepliaklqana
Kikubaaqudgha
Makhleb
Nemelex Xobeh
Okawaru
Qazlal
Ru
Sif Muna
Trog
Uskayaw
Vehumet
Wu Jian
Xom
Yredelemnul
Zin
The Shining One
Jiyva

Shops:
D:2 *:=![   D:8 :   D:9 *   D:13 ?(!*[   D:14 *=   Orc:2 (?[(   Lair:1 [
Lair:2 :   Shoals:2 :   Snake:1 :

Portals:
Ziggurat: Depths:1

Annotations:
D:10 4 transporters
Shoals:3 1 runed translucent door, Tollund's ghost, adept TrSh
Snake:3 1 runed translucent door, Quegolalo's ghost, adept TeAE


Innate Abilities, Weirdness & Mutations

You are something dangerously unstable.
You glow with magical radiation, making you easy to see and hit.
Foes you strike become dangerously contaminated with magical radiation.
You are incapable of wielding weapons or throwing items.
You have very sharp teeth.
Your uncanny sense of smell can sniff out nearby items.
Your experience applies equally to all skills.


Message History

Unknown command.
You punch the faun!
The faun shudders as magic cascades through it!
The faun twists and deforms.
The faun is almost dead.
The faun stops glowing.
The faun misses you.
The faun hits you with a +0 quarterstaff!!
The faun shoots a sling bullet.
The sling bullet hits you!
You hit the faun.
The faun begins to glow.
The faun is almost dead.
The faun closely misses you. The faun hits you but does no damage.
You completely miss the faun.
The faun is almost dead.
The faun barely misses you. The faun hits you but does no damage.
Unknown command.
You hit the faun.
You kill the faun!
The faun hits you with a +0 quarterstaff! x2
The faun unwields a +0 sling.
The faun wields a +0 club.
The faun hits you with a +0 club!
* * * LOW HITPOINT WARNING * * *
You are confused.
You feel invigorated.
The faun hits you with a +0 quarterstaff!
* * * LOW HITPOINT WARNING * * *
The faun closely misses you. The faun hits you but does no damage.
You punch the faun!
The faun begins to glow.
The faun is lightly wounded.
The faun hits you with a +0 quarterstaff.
* * * LOW HITPOINT WARNING * * *
The faun hits you with a +0 quarterstaff!!
* * * LOW HITPOINT WARNING * * *
You pummel the faun!!
The faun begins to glow.
You bite the faun, but do no damage.
The faun is almost dead.
The faun hits you with a +0 club!
* * * LOW HITPOINT WARNING * * *
The faun hits you with a +0 quarterstaff!
You die...
Your body crumbles into a pile of gold.

.....≈≈≈≈≈....P>P....~~
.....≈≈≈≈≈.....P..P..~~
....≈≈≈≈≈≈...$....!..~~
...≈≈≈≈~≈≈≈≈....P.....~
..≈≈≈≈≈~~≈≈≈≈.....P..
...≈≈≈~~~.≈≈.......
....~~~~~..≈...$cc#
....~~~~<......$pc#
....~~~~..........#
..[.~~~~..........#
....~~~....<......#
......~...........##
......~............##
####..~...........P..
.##..~~.........~~...~
.#..~~~....~~~~~~~~~~~


You could see 3 fauns.

Vanquished Creatures
  Vashnia (Snake:2)
  An Ice Fiend (IceCv)
  Polyphemus (Shoals:3)
  A frost giant (Depths:1)
  7 nagarajas
  An orc warlord (Orc:2)
  2 balrugs (Depths:1)
  A formless jellyfish (Shoals:3)
  An ironbound preserver (D:14)
  3 stone giants
  3 very ugly things (D:15)
  Nessos (D:12)
  3 dire elephants
  A merfolk impaler (Shoals:2)
  Josephine (D:11)
  An ettin (Depths:1)
  2 fire dragons
  Erolcha (D:9)
  3 catoblepae
  4 centaur warriors
  6 salamander tyrants (Snake:4)
  2 ogre magi (D:11)
  8 hydras
  2 vault guards (D:14)
  A merfolk avatar (Shoals:3)
  5 anacondas
  A dancing weapon (Elf:1)
  6 boulder beetles
  A satyr (Shoals:3)
  A death knight (D:11)
  6 naga warriors
  4 deep troll shamans (D:15)
  8 two-headed ogres
  15 death yaks
  6 deep troll earth magi
  A merfolk aquamancer (Shoals:2)
  3 tengu warriors
  2 orc high priests (Orc:2)
  15 naga sharpshooters
  A sun demon (Depths:1)
  7 shock serpents
  2 hell knights
  An iron troll (D:15)
  Sonja (D:13)
  A soul eater (Depths:1)
  3 deep elf knights (Elf:1)
  Amaemon (Lair:1)
  5 skysharks
  7 sea snakes
  5 deep trolls
  3 salamander mystics (Snake:4)
  An obsidian statue (IceCv)
  4 naga ritualists
  A lindwurm (Lair:5)
  A glowing orange brain (Depths:1)
  2 deep elf archers (Elf:1)
  An arcanist (D:12)
  15 spriggan simulacra (IceCv)
  4 orc knights
  3 harpies (Shoals:3)
  A bog body (IceCv)
  3 deep elf zephyrmancers (Elf:1)
  An orc sorcerer (Orc:1)
  5 necromancers
  10 deep elf pyromancers
  11 manticores
  2 wolf spiders
  28 ugly things
  7 mana vipers
  5 fauns
  7 salamanders
  9 cyclopes
  20 elephants
  4 merfolk sirens
  A vault sentinel (D:14)
  23 black mambas
  6 torpor snails (Lair:5)
  15 naga magi
  4 water nymphs
  2 smoke demons
  A gargoyle (D:13)
  17 cane toads
  An orange demon (Lair:1)
  A guardian serpent (Snake:3)
  2 rime drakes
  2 freezing wraiths
  6 ice devils (IceCv)
  An unseen horror (D:13)
  2 tengu conjurers
  7 komodo dragons
  2 anaconda simulacra (IceCv)
  A golden dragon simulacrum (IceCv)
  A queen bee (D:12)
  4 tyrant leeches (Lair:5)
  A wind drake (Shoals:2)
  3 polar bears
  3 trolls
  Grinder (D:6)
  3 meliai (D:12)
  6 hornets (Lair:5)
  5 merfolk
  3 alligator simulacra (IceCv)
  Prince Ribbit (D:8)
  25 blink frogs
  11 dream sheep
  5 snapping turtles
  A glass eye (shapeshifter) (D:13)
  7 slime creatures
  An air elemental (Elf:1)
  A spriggan (shapeshifter) (D:15)
  6 wraiths (D:11)
  8 water elementals
  A vampire (D:11)
  A human (shapeshifter) (D:12)
  53 yaks
  4 wyverns
  18 humans (D:14)
  4 basilisks
  2 vampire mosquitoes (D:14)
  3 steam dragons
  Menkaure (D:4)
  5 large abominations (D:12)
  8 minotaur simulacra (IceCv)
  3 wargs (Orc:2)
  36 nagas
  An acid dragon (D:11)
  9 water moccasins
  A hydra simulacrum (IceCv)
  35 orc warriors
  4 black bears
  An ettin simulacrum (IceCv)
  2 sky beasts
  An ice beast (D:6)
  2 ogres
  4 wolves (Lair:3)
  7 centaurs
  2 phantoms
  10 bullfrogs
  An earth elemental (Elf:1)
  3 gnoll sergeants
  5 scorpions
  9 deep troll simulacra (IceCv)
  9 wights
  7 small abominations (D:12)
  A lindwurm simulacrum (IceCv)
  29 killer bees
  4 electric eels
  A lava snake (Lair:1)
  2 howler monkeys (D:8)
  2 gnoll boudas
  2 hounds
  3 jellies
  22 orc priests
  A sleepcap (D:8)
  5 iguanas
  24 orc wizards
  6 hell rats (Lair:3)
  A mummy (D:4)
  24 gnolls
  6 adders
  2 ufetubi (D:7)
  4 worms
  2 dart slugs
  102 orcs
  6 endoplasms
  3 giant cockroaches
  5 goblins
  6 hobgoblins
  6 jackals
  7 kobolds
  8 quokkas
  4 ball pythons
  3 bats
  15 frilled lizards
  6 rats
1068 creatures vanquished.

Vanquished Creatures (collateral kills)
  2 killer bees (D:12)
2 creatures vanquished.

Vanquished Creatures (others)
  A bullfrog (Lair:4)
1 creature vanquished.

Grand Total: 1071 creatures vanquished

Notes
Turn   | Place    | Note
-------+----------+-------------------------------------------
     0 | D:1      | timneilson the Gnoll Shapeshifter began the quest for the
                  | Orb.
     0 | D:1      | Reached XP level 1. HP: 17/17 MP: 1/1
   137 | D:1      | Reached XP level 2. HP: 21/23 MP: 2/2
   388 | D:1      | Reached XP level 3. HP: 28/28 MP: 3/3
   812 | D:2      | Found Weum's Book Emporium.
   869 | D:2      | Reached skill level 1 in Invocations
   920 | D:2      | Found Inopi's Assorted Antiques.
   960 | D:2      | Reached skill level 1 in Short Blades
   960 | D:2      | Reached skill level 1 in Long Blades
   960 | D:2      | Reached skill level 1 in Axes
   960 | D:2      | Reached skill level 1 in Maces & Flails
   960 | D:2      | Reached skill level 1 in Polearms
   960 | D:2      | Reached skill level 1 in Staves
   960 | D:2      | Reached skill level 1 in Ranged Weapons
   960 | D:2      | Reached skill level 1 in Throwing
   960 | D:2      | Reached skill level 1 in Armour
   960 | D:2      | Reached skill level 1 in Stealth
   960 | D:2      | Reached skill level 1 in Shields
   960 | D:2      | Reached skill level 1 in Spellcasting
   960 | D:2      | Reached skill level 1 in Evocations
   962 | D:2      | Reached XP level 4. HP: 21/34 MP: 5/5
  1036 | D:2      | Found Jurch's Jewellery Shop.
  1080 | D:2      | Reached skill level 1 in Conjurations
  1080 | D:2      | Reached skill level 1 in Hexes
  1080 | D:2      | Reached skill level 1 in Summonings
  1080 | D:2      | Reached skill level 1 in Necromancy
  1080 | D:2      | Reached skill level 1 in Translocations
  1080 | D:2      | Reached skill level 1 in Transmutations
  1080 | D:2      | Reached skill level 1 in Fire Magic
  1080 | D:2      | Reached skill level 1 in Ice Magic
  1080 | D:2      | Reached skill level 1 in Air Magic
  1080 | D:2      | Reached skill level 1 in Earth Magic
  1080 | D:2      | Reached skill level 1 in Poison Magic
  1101 | D:2      | Found Liwn's Distillery.
  1170 | D:2      | Found Rafotud's Antique Armour Boutique.
  1486 | D:3      | Reached XP level 5. HP: 40/40 MP: 5/7
  1490 | D:3      | Reached skill level 3 in Fighting
  2008 | D:4      | Found a snail-covered altar of Cheibriados.
  2273 | D:4      | Reached XP level 6. HP: 47/47 MP: 8/8
  2293 | D:4      | Reached skill level 5 in Dodging
  2549 | D:4      | Noticed Menkaure
  2553 | D:4      | Killed Menkaure
  2554 | D:4      | Reached XP level 7. HP: 6/52 MP: 10/10
  2975 | D:5      | Entered Level 5 of the Dungeon
  3003 | D:5      | Found a shadowy altar of Dithmenos.
  3124 | D:5      | Found a staircase to the Ecumenical Temple.
  3135 | Temple   | Entered the Ecumenical Temple
  3154 | Temple   | Became a worshipper of Gozag Ym Sagoz the Greedy
  3206 | D:5      | Reached skill level 4 in Fighting
  3206 | D:5      | Reached XP level 8. HP: 54/60 MP: 12/12
  3433 | D:2      | Bought a pair of warped gloves for 237 gold pieces
  3433 | D:2      | Identified the +2 pair of gloves "Wigoufud" {Dex+2} (You
                  | bought it in a shop on level 2 of the Dungeon)
  4059 | D:6      | Noticed Grinder
  4060 | D:6      | Paralysed by Grinder for 5 turns
  4077 | D:6      | Killed Grinder
  4291 | D:6      | Reached XP level 9. HP: 60/66 MP: 14/14
  4796 | D:6      | Found an iron altar of Okawaru.
  4984 | D:7      | Reached skill level 5 in Fighting
  5426 | D:7      | Reached skill level 5 in Invocations
  5459 | D:7      | Found an ornate altar of the Wu Jian Council.
  5797 | D:7      | Learned a level 1 spell: Apportation
  6069 | D:8      | Noticed a two-headed ogre
  6074 | D:8      | Killed a two-headed ogre
  6075 | D:8      | Reached skill level 5 in Short Blades
  6075 | D:8      | Reached skill level 5 in Long Blades
  6075 | D:8      | Reached skill level 5 in Axes
  6075 | D:8      | Reached skill level 5 in Maces & Flails
  6075 | D:8      | Reached skill level 5 in Polearms
  6075 | D:8      | Reached skill level 5 in Staves
  6075 | D:8      | Reached skill level 5 in Ranged Weapons
  6075 | D:8      | Reached skill level 5 in Throwing
  6075 | D:8      | Reached skill level 5 in Armour
  6075 | D:8      | Reached skill level 5 in Stealth
  6075 | D:8      | Reached skill level 5 in Shields
  6075 | D:8      | Reached skill level 5 in Spellcasting
  6075 | D:8      | Reached skill level 5 in Evocations
  6075 | D:8      | Reached XP level 10. HP: 76/76 MP: 17/17
  6292 | D:8      | Found Sian's Book Emporium.
  6322 | D:8      | Noticed Prince Ribbit
  6332 | D:8      | Killed Prince Ribbit
  6369 | D:8      | Reached skill level 6 in Fighting
  6503 | D:8      | Identified the +1 robe "Lexeh" {rF++ rCorr Str+3 Dex+2}
  6741 | D:8      | Found a sacrificial altar of Ru.
  7294 | D:9      | Found Cyjoziaf's Island Escapes.
  7342 | D:9      | Noticed a two-headed ogre
  7350 | D:9      | Killed a two-headed ogre
  7356 | D:9      | Noticed Erolcha
  7452 | D:10     | Entered Level 10 of the Dungeon
  7486 | D:10     | Found a staircase to the Lair.
  7509 | D:10     | Found a bloodstained altar of Trog.
  7537 | D:10     | Reached XP level 11. HP: 83/83 MP: 19/19
  7549 | D:10     | Reached skill level 5 in Conjurations
  7549 | D:10     | Reached skill level 5 in Hexes
  7549 | D:10     | Reached skill level 5 in Summonings
  7549 | D:10     | Reached skill level 5 in Necromancy
  7549 | D:10     | Reached skill level 5 in Translocations
  7549 | D:10     | Reached skill level 5 in Transmutations
  7549 | D:10     | Reached skill level 5 in Fire Magic
  7549 | D:10     | Reached skill level 5 in Ice Magic
  7549 | D:10     | Reached skill level 5 in Air Magic
  7549 | D:10     | Reached skill level 5 in Earth Magic
  7549 | D:10     | Reached skill level 5 in Poison Magic
  7609 | D:10     | Found a transporter.
  7615 | D:10     | Found a transporter.
  7616 | D:10     | Found a transporter.
  7708 | D:10     | Found a transporter.
  8097 | D:9      | Killed Erolcha
  8233 | D:2      | Bought a manual of Fighting for 1040 gold pieces
  8431 | D:9      | Noticed a two-headed ogre
  8437 | D:9      | Killed a two-headed ogre
  8438 | D:9      | Reached skill level 7 in Fighting
  8481 | D:9      | Identified the +1 leather armour of Joighox {rPois Int+2}
  9139 | D:11     | Found a staircase to the Orcish Mines.
  9294 | D:11     | Noticed a two-headed ogre
  9294 | D:11     | Noticed a green ugly thing
  9303 | D:11     | Noticed a two-headed ogre
  9310 | D:11     | Killed a two-headed ogre
  9322 | D:11     | Killed a white ugly thing
  9325 | D:11     | Killed a two-headed ogre
  9326 | D:11     | Reached skill level 8 in Fighting
  9413 | D:11     | Noticed a two-headed ogre
  9424 | D:11     | Killed a two-headed ogre
  9425 | D:11     | Reached XP level 12. HP: 77/92 MP: 22/22
  9449 | D:11     | Noticed a death knight
  9462 | D:11     | Killed a death knight
  9474 | D:11     | Noticed a boulder beetle
  9481 | D:11     | Noticed an ogre mage
  9481 | D:11     | Noticed an ogre mage
  9484 | D:11     | Killed a boulder beetle
  9503 | D:11     | Killed an ogre mage
  9518 | D:11     | Paralysed by an ogre mage for 4 turns
  9522 | D:11     | Identified the +7 short sword of Bumahiumm {flame, Drain
                  | rPois rF+ Str+3}
  9522 | D:11     | Identified the ring "Uguecvon" {rPois rC++ rCorr}
  9522 | D:11     | Noticed a centaur warrior
  9532 | D:11     | Killed a centaur warrior
  9533 | D:11     | Killed an ogre mage
  9534 | D:11     | Reached skill level 10 in Unarmed Combat
  9738 | D:12     | Noticed Nessos
  9754 | D:12     | Killed Nessos
  9755 | D:12     | Reached skill level 9 in Fighting
 10075 | D:12     | Noticed a boulder beetle
 10087 | D:12     | Killed a boulder beetle
 10401 | D:12     | Noticed a two-headed ogre
 10413 | D:12     | Killed a two-headed ogre
 10464 | D:12     | Reached XP level 13. HP: 100/102 MP: 23/25
 10515 | D:12     | Paralysed by a deep elf pyromancer for 3 turns
 10953 | D:2      | Bought a brightly glowing plate armour for 700 gold pieces
 10953 | D:2      | Identified the +0 plate armour "Napsuid" {rN+ Int+4} (You
                  | bought it in a shop on level 2 of the Dungeon)
 11040 | D:7      | Learned a level 2 spell: Blink
 11337 | D:12     | Reached skill level 10 in Fighting
 11337 | D:12     | Reached skill level 10 in Shapeshifting
 11586 | D:12     | Identified the +6 demon trident "Xoaxookh" {pain, Str+5
                  | Int+4}
 11802 | D:12     | Identified a scroll of acquirement
 11802 | D:12     | Identified the "Mishre" (You acquired it on level 12 of
                  | the Dungeon)
 11802 | D:12     | Acquired 1276 gold pieces
 11963 | D:13     | Found Femaitirox's Weapon Boutique.
 12100 | D:13     | Noticed Sonja
 12110 | D:13     | Killed Sonja
 12168 | D:13     | Found Kopn's General Store.
 12225 | D:13     | Found Plog's Antique Armour Boutique.
 12259 | D:13     | Found Wikh's Distillery.
 12269 | D:13     | Found Petz's Magic Scroll Shoppe.
 12444 | D:13     | Identified the amulet of Cekku {Acrobat Rampage}
 12709 | D:14     | Reached skill level 11 in Fighting
 12709 | D:14     | Reached skill level 10 in Dodging
 12788 | D:14     | Found the +3 pair of mountain boots {steadfast, rC+}
 12967 | D:14     | Reached XP level 14. HP: 113/113 MP: 25/27
 13350 | Lair:1   | Entered Level 1 of the Lair of Beasts
 13638 | Lair:1   | Reached skill level 10 in Invocations
 13693 | Lair:1   | Noticed Amaemon
 13706 | Lair:1   | Killed Amaemon
 14339 | Lair:2   | Found a staircase to the Snake Pit.
 14688 | Lair:2   | Reached skill level 12 in Fighting
 15669 | Lair:3   | Found a staircase to the Shoals.
 16317 | Lair:3   | Reached XP level 15. HP: 82/122 MP: 28/28
 16535 | Lair:3   | Reached skill level 10 in Short Blades
 16535 | Lair:3   | Reached skill level 10 in Long Blades
 16535 | Lair:3   | Reached skill level 10 in Axes
 16535 | Lair:3   | Reached skill level 10 in Maces & Flails
 16535 | Lair:3   | Reached skill level 10 in Polearms
 16535 | Lair:3   | Reached skill level 10 in Staves
 16535 | Lair:3   | Reached skill level 10 in Ranged Weapons
 16535 | Lair:3   | Reached skill level 10 in Throwing
 16535 | Lair:3   | Reached skill level 10 in Armour
 16535 | Lair:3   | Reached skill level 10 in Stealth
 16535 | Lair:3   | Reached skill level 10 in Shields
 16535 | Lair:3   | Reached skill level 10 in Spellcasting
 16535 | Lair:3   | Reached skill level 10 in Evocations
 16588 | Lair:3   | Acquired 1153 gold pieces
 17298 | Lair:4   | Reached skill level 13 in Fighting
 17714 | Lair:5   | Entered Level 5 of the Lair of Beasts
 17867 | Lair:5   | Found a viscous altar of Jiyva.
 17868 | Lair:5   | Found a staircase to the Slime Pits.
 17945 | Lair:5   | Found a runed translucent door.
 18300 | Lair:5   | Identified the +1 robe of Puf Silia {rC+ Regen+}
 19495 | Orc:1    | Entered Level 1 of the Orcish Mines
 19495 | Orc:1    | Noticed Josephine
 19501 | D:11     | Reached XP level 16. HP: 132/132 MP: 30/30
 19558 | D:11     | Killed Josephine
 20081 | Orc:2    | Entered Level 2 of the Orcish Mines
 20158 | Orc:2    | Reached skill level 14 in Fighting
 20255 | Orc:2    | Found a staircase to the Elven Halls.
 20341 | Orc:2    | Found Cibat's Antique Weapon Boutique.
 20833 | Orc:2    | Found Wukoy's Magic Scroll Boutique.
 20845 | Orc:2    | Bought a scroll of identify for 36 gold pieces
 20845 | Orc:2    | Bought a scroll of teleportation for 54 gold pieces
 20845 | Orc:2    | Bought a scroll of teleportation for 54 gold pieces
 20845 | Orc:2    | Bought a scroll of enchant armour for 135 gold pieces
 20845 | Orc:2    | Bought a scroll of enchant armour for 135 gold pieces
 20845 | Orc:2    | Bought a scroll of revelation for 135 gold pieces
 20845 | Orc:2    | Bought a scroll of teleportation for 54 gold pieces
 20845 | Orc:2    | Bought a scroll of identify for 36 gold pieces
 21232 | Orc:2    | Found Vizaig's Antique Armour Shop.
 21236 | Orc:2    | Found Engurghaits's Antique Weapon Boutique.
 21571 | D:14     | Bought a shimmering plate armour for 1036 gold pieces
 21571 | D:14     | Identified the +0 plate armour of Quantum Leap {Int+2
                  | Dex+7} (You bought it in a shop on level 14 of the Dungeon)
 21755 | D:14     | Found a gate to the Vaults.
 21897 | D:15     | Entered Level 15 of the Dungeon
 21969 | D:15     | Found a frozen archway.
 22099 | IceCv    | Entered an ice cave
 22321 | IceCv    | Identified the +0 halberd of Propriety {venom, Will+ SInv}
 22889 | IceCv    | Noticed an Ice Fiend
 22911 | IceCv    | Killed an Ice Fiend
 22946 | IceCv    | Found the +3 salamander hide armour {Flames, rFlCloud rF++
                  | rC--}
 22957 | IceCv    | Identified the +1 ice dragon scales "Ysiash" {rF- rC++ rN++
                  | Stlth+}
 23487 | D:15     | Identified the +7 quarterstaff "Abrofach" {protect, rN+
                  | Will+ Stlth+}
 23793 | D:15     | Found a staircase to the Depths.
 23819 | D:15     | Reached skill level 15 in Fighting
 23819 | D:15     | Reached XP level 17. HP: 73/142 MP: 32/32
 24027 | Vaults:5 | Identified the "Fiux"
 24027 | Depths:1 | Entered Level 1 of the Depths
 24405 | Snake:1  | Entered Level 1 of the Snake Pit
 24619 | Snake:1  | Found a white marble altar of Elyvilon.
 24741 | Snake:1  | Found Uffam's Self-Improvement Boutique.
 24747 | Snake:1  | Bought a manual of Unarmed Combat for 1440 gold pieces
 24747 | Snake:1  | Bought a manual of Armour for 1440 gold pieces
 24747 | Snake:1  | Bought a manual of Shapeshifting for 1440 gold pieces
 24864 | Snake:1  | Identified the +6 chain mail of Lekaoscho {Drain rN+++
                  | Str+2 Slay-2}
 26133 | Snake:2  | Identified the "Gedugeso" (You acquired it on level 2 of
                  | the Snake Pit)
 26133 | Snake:2  | Acquired 855 gold pieces
 26462 | D:2      | Bought a potion of curing for 96 gold pieces
 26462 | D:2      | Bought a potion of curing for 96 gold pieces
 26462 | D:2      | Bought a scroll labelled HYSMAT NIFI for 32 gold pieces
 26462 | D:2      | Bought a potion of heal wounds for 160 gold pieces
 26462 | D:2      | Bought a scroll of fog for 128 gold pieces
 26512 | D:2      | Bought a potion of heal wounds for 65 gold pieces
 26512 | D:2      | Bought 2 potions of might for 104 gold pieces
 26512 | D:2      | Bought a potion of mutation for 104 gold pieces
 26512 | D:2      | Bought a potion of mutation for 104 gold pieces
 26788 | Snake:2  | Noticed Vashnia
 27008 | Snake:2  | Reached skill level 10 in Conjurations
 27008 | Snake:2  | Reached skill level 10 in Hexes
 27008 | Snake:2  | Reached skill level 10 in Summonings
 27008 | Snake:2  | Reached skill level 10 in Necromancy
 27008 | Snake:2  | Reached skill level 10 in Translocations
 27008 | Snake:2  | Reached skill level 10 in Transmutations
 27008 | Snake:2  | Reached skill level 10 in Fire Magic
 27008 | Snake:2  | Reached skill level 10 in Ice Magic
 27008 | Snake:2  | Reached skill level 10 in Air Magic
 27008 | Snake:2  | Reached skill level 10 in Earth Magic
 27008 | Snake:2  | Reached skill level 10 in Poison Magic
 27049 | Snake:2  | Killed Vashnia
 28418 | Snake:3  | Found a runed translucent door.
 28421 | Snake:3  | Noticed Quegolalo's ghost (adept TeAE)
 29564 | Snake:3  | Identified the +8 scale mail of the Pleiades {Rampage rF-
                  | rN+ Int+5}
 29707 | Snake:4  | Entered Level 4 of the Snake Pit
 30239 | Snake:4  | Reached skill level 16 in Fighting
 30518 | Snake:4  | Reached XP level 18. HP: 146/151 MP: 34/34
 31369 | Snake:4  | Got a serpentine rune of Zot
 32121 | Depths:1 | Found a sparkling altar of Nemelex Xobeh.
 32321 | Vaults:1 | Entered Level 1 of the Vaults
 33058 | Depths:1 | Found a one-way gateway to a ziggurat.
 33264 | D:15     | Reached skill level 15 in Unarmed Combat
 33460 | Depths:1 | Identified the ring of Betuuppoy {Fire Will- Str-4 Dex+9
                  | Slay+5}
 33751 | Depths:1 | HP: 7/153 [hell knight/+2 halberd of flaming (5)]
 34046 | Elf:1    | Entered Level 1 of the Elven Halls
 34069 | Elf:1    | Paralysed by an air elemental for 1 turns
 34075 | Elf:1    | Paralysed by an air elemental for 1 turns
 34470 | Orc:2    | Bought a smoking chain mail for 228 gold pieces
 34470 | Orc:2    | Identified the +0 chain mail "Seawynim" {Rampage} (You
                  | bought it in a shop on level 2 of the Orcish Mines)
 34649 | Shoals:1 | Entered Level 1 of the Shoals
 35334 | Shoals:1 | Learned a level 3 spell: Stone Arrow
 35579 | Shoals:1 | Reached skill level 17 in Fighting
 35768 | Shoals:2 | Found Opueq's Book Shoppe.
 35960 | Shoals:2 | Reached XP level 19. HP: 132/161 MP: 36/36
 36089 | Shoals:2 | Identified the +1 whip of Qies {flame, rC+ rCorr Dex+4}
 36760 | Shoals:3 | Noticed Polyphemus
 36937 | Shoals:3 | Killed Polyphemus
 37082 | Shoals:3 | Found a runed translucent door.
 37084 | Shoals:3 | Noticed Tollund's ghost (adept TrSh)
 37154 | Shoals:3 | HP: 6/161 [faun/+0 club[a satyr] (14)]
 37154 | Shoals:3 | Slain by a faun

Illustrated notes

Levels and vault maps discovered:
D:1:      nicolae_arrival_memento_mori, layout_basic, serial_forest,
          infiniplex_forest_end_2, infiniplex_forest_corner_1,
          infiniplex_forest_clump_small, infiniplex_forest_3_way,
          infiniplex_forest_corner_1, infiniplex_forest_end_1,
          infiniplex_forest_side_room, st_stairs_2
D:2:      layout_rooms, serial_shops, nicolae_shop_peninsula,
          nicolae_shop_statue_plus, shop, shop, shop
D:3:      layout_basic, kennysheep_generic_room_16
D:4:      layout_loops_ring, slow_altar_1, uniq_menkaure
D:5:      layout_loops_cross, lemuel_tele_altar,
          minmay_temple_entry_glassed_door, minmay_lizard_king
D:6:      layout_gridville, okawaru_ov_weapons_minmay, uniq_grinder
D:7:      layout_layer_cave, nicolae_wu_jian_wuxing_cycle
D:8:      layout_loops_ring, marbit_many_paths, serial_shops,
          nicolae_stop_n_shop_2, uniq_prince_ribbit1
D:9:      layout_roguey, nicolae_hexahallways, nicolae_island_escapes,
          uniq_erolcha
D:10:     layout_rooms, trog_ov_bears_minmay, nicolae_transporter_circle
D:11:     minmay_the_grid_triangle_9x9_rhombus_thin
          [minmay_the_grid_triangle_9x9_sparse_checkered,
          minmay_the_grid_triangle_9x9_prize_center,
          minmay_the_grid_triangle_9x9_pentomino_pain,
          minmay_the_grid_triangle_9x9_zippers_horizontal], layout_basic,
          orc_0_dummy, chequers_decorated_corner
D:12:     layout_basic, serial_bayou, serial_bayou_pond_d, serial_bayou_shore_b,
          serial_bayou_lagoon_a, serial_bayou_pond_c, special_room
          [special_room_bee], laboratory, uniq_nessos
D:13:     minmay_general_purpose_star, layout_rooms, serial_shops,
          nicolae_shop_real_fake_doors, shop, shop_scrolls,
          nicolae_shop_crystal, nicolae_take_the_stairs, nicolae_letterblocks
          [nicolae_letter_subblock, nicolae_letter_subblock,
          nicolae_letter_subblock, nicolae_letter_subblock,
          nicolae_letter_subblock, nicolae_letter_subblock,
          nicolae_letter_subblock, nicolae_letter_subblock,
          nicolae_letter_subblock, nicolae_letter_subblock,
          nicolae_letter_subblock, nicolae_letter_subblock,
          nicolae_letter_subblock, nicolae_letter_subblock,
          nicolae_letter_subblock, nicolae_letter_subblock,
          nicolae_letter_subblock, nicolae_letter_subblock,
          nicolae_letter_subblock, nicolae_letter_subblock,
          nicolae_letter_subblock, nicolae_letter_subblock,
          nicolae_letter_subblock, nicolae_letter_subblock,
          nicolae_letter_subblock], uniq_sonja
D:14:     layout_long_grid, grunt_vaults_entry_tiered, grunt_decor_cap
D:15:     hangedman_depths_entry_try_elsewhere_first, layout_long_grid,
          minmay_misc_feat_chi, portal_ice_cave_entry_pillars_four
Temple:   eino_temple_scatter_basement
Lair:1:   layout_gridlike, infiniplex_staircase_pool_2, uniq_amaemon
Lair:2:   layout_roguey, minmay_snake_entry_guardpost_small, st_stairs_5
Lair:3:   nzn_motion_control, layout_cave_pods, minmay_shoals_entry_hut,
          serial_rivers, chequers_serial_rivers_large_a,
          chequers_serial_rivers_micro_a, chequers_serial_rivers_micro_a,
          chequers_serial_rivers_marsh, chequers_serial_rivers_marsh,
          nicolae_lair_grazing_beasts [nicolae_sub_lair_graze_edge,
          nicolae_sub_lair_graze_edge, nicolae_sub_lair_graze_edge,
          nicolae_sub_lair_graze_edge]
Lair:4:   layout_regular_city, grunt_megastairs_1
Lair:5:   wormcave, layout_small_grid, slime_entry_1, minmay_shattered_shrine
Shoals:1: layout_shoals
Shoals:2: layout_shoals, serial_shops, shop_coins,
          nicolae_shoals_cliffside_cave, nicolae_shoals_seven_spires
Shoals:3: layout_shoals, ebering_ghost_inner_flame, nicolae_splish_splash,
          uniq_polyphemus, uniq_ilsuiw
Snake:1:  layout_layer_cave, basic_altar, nicolae_shop_self_help
Snake:2:  layout_gridlike, uniq_vashnia
Snake:3:  layout_onion_interference, ebering_ghost_reflecting_pool,
          nicolae_snake_omega, grunt_megastairs_4
Snake:4:  minmay_snake_end_coiled, layout_cave_town
Orc:1:    cheibrodos_orc_arena, layout_caves, uniq_josephine
Orc:2:    grunt_orc_community_town_hall, layout_caves,
          grunt_orc_community_big_house_2, grunt_orc_community_big_house_1,
          grunt_orc_community_house_1, grunt_orc_community_house_2,
          grunt_orc_community_house_1, grunt_orc_community_house_2,
          grunt_orc_community_house_3, grunt_orc_community_house_3,
          nicolae_orc_lava_room
Elf:1:    layout_loops_corners, hangedman_elven_crosses_minicolossus,
          abandoned_shop, due_unseen_surprise
Vaults:1: hangedman_vaults_stretched_pinwheel, nicolae_vaults_closet_pinwheel_1,
          nicolae_vaults_surprise_closet, nicolae_vaults_hexular_roomagon,
          ontoclasm_vaults_decontamination, v_rooms_5,
          nicolae_vaults_ring_of_whatevers, nicolae_vaults_little_squares_6,
          v_misc_3, nicolae_vaults_sesquioval_fish, layout_vaults_omnicross,
          serial_shops, nicolae_shop_overgrown_old_shop, uniq_norris
Depths:1: layout_honeycomb, enter_ziggurat_b, hellmouth_2,
          grunt_pan_entry_in_and_out, chequers_serial_rivers_micro_b,
          nemelex_lonely_heart_becter

Skill      XL: |  1  2  3  4  5  6  7  8  9 10 11 12 13 14 15 16 17 18 |
---------------+-------------------------------------------------------+-----
Invocations    | 1 2 3 4 5 6 7 8 9 10 11 12 13 14 | 14.3
Short Blades   | 1 2 3 5 7 8 9 10 11 12 13 | 13.2
Long Blades    | 1 2 3 5 7 8 9 10 11 12 13 | 13.2
Axes           | 1 2 3 5 7 8 9 10 11 12 13 | 13.2
Maces & Flails | 1 2 3 5 7 8 9 10 11 12 13 | 13.2
Polearms       | 1 2 3 5 7 8 9 10 11 12 13 | 13.2
Staves         | 1 2 3 5 7 8 9 10 11 12 13 | 13.2
Ranged Weapons | 1 2 3 5 7 8 9 10 11 12 13 | 13.2
Throwing       | 1 2 3 5 7 8 9 10 11 12 13 | 13.2
Armour         | 1 2 3 5 7 8 9 10 11 12 14 | 14.5
Stealth        | 1 2 3 5 7 8 9 10 11 12 13 | 13.2
Shields        | 1 2 3 5 7 8 9 10 11 12 13 | 13.2
Spellcasting   | 1 2 3 5 7 8 9 10 11 12 13 | 13.2
Evocations     | 1 2 3 5 7 8 9 10 11 12 13 | 13.2
Conjurations   | 1 2 3 4 5 6 7 8 9 10 11 | 11.2
Hexes          | 1 2 3 4 5 6 7 8 9 10 11 | 11.2
Summonings     | 1 2 3 4 5 6 7 8 9 10 11 | 11.2
Necromancy     | 1 2 3 4 5 6 7 8 9 10 11 | 11.2
Translocations | 1 2 3 4 5 6 7 8 9 10 11 | 11.2
Transmutations | 1 2 3 4 5 6 7 8 9 10 11 | 11.2
Fire Magic     | 1 2 3 4 5 6 7 8 9 10 11 | 11.2
Ice Magic      | 1 2 3 4 5 6 7 8 9 10 11 | 11.2
Air Magic      | 1 2 3 4 5 6 7 8 9 10 11 | 11.2
Earth Magic    | 1 2 3 4 5 6 7 8 9 10 11 | 11.2
Poison Magic   | 1 2 3 4 5 6 7 8 9 10 11 | 11.2
Fighting       | 3 4 5 6 8 9 11 12 13 15 16 17 | 17.4
Dodging        | 5 6 7 8 9 10 11 12 13 | 13.9
Unarmed Combat | 7 8 9 10 11 12 13 14 15 | 15.8
Shapeshifting  | 7 8 9 10 11 12 13 14 | 14.8

Action                     |  1- 3 |  4- 6 |  7- 9 | 10-12 | 13-15 | 16-18 | 19-21 || total
---------------------------+-------+-------+-------+-------+-------+-------+-------++-------
  Melee: Unarmed           |    65 |   115 |   266 |   560 |  1432 |  2100 |   199 ||  4737
         Bite              |     5 |     8 |    39 |   104 |   287 |   414 |    42 ||   899
         Punch             |     5 |     4 |     1 |       |       |       |       ||    10
   Cast: Stone Arrow       |       |       |       |       |       |     3 |       ||     3
 Invoke: Call Merchant     |       |       |       |       |     2 |     3 |       ||     5
  Evoke: Wand              |       |       |     1 |     4 |     1 |    12 |       ||    18
         Condenser vane    |       |       |       |     1 |       |       |       ||     1
    Use: Scroll            |     4 |     5 |     6 |     8 |     7 |    13 |     2 ||    45
         Potion            |       |     1 |       |     4 |     3 |    21 |     1 ||    30
   Stab: Paralysed         |       |       |     3 |     8 |     3 |       |       ||    14
         Distracted        |       |       |       |     3 |     6 |     8 |     1 ||    18
         Petrified         |       |       |       |       |     4 |       |    12 ||    16
 Armour: Animal skin       |     9 |       |       |       |       |       |       ||     9
         Ring mail         |     1 |       |       |       |       |       |       ||     1
         Chain mail        |    31 |    51 |   152 |   379 |    24 |       |       ||   637
         Plate armour      |       |       |       |       |  1338 |  1899 |   212 ||  3449
  Dodge: Dodged            |    35 |    29 |   115 |   240 |   635 |   871 |    99 ||  2024
   Form: Flux              |       |       |     1 |       |       |       |       ||     1

Table legend: (Time is in decaauts)
 A = Elapsed time spent in this place.
 B = Non-inter-level travel time spent in this place.
 C = Inter-level travel time spent in this place.
 D = Time resting spent in this place.
 E = Time spent auto-exploring this place.
 F = Levels seen in this place.
 G = Mean time per level.
                   A        B        C        D        E       F      G
               +--------+--------+--------+--------+--------+-----+--------+
         Total |  36307 |  32811 |   3496 |   3124 |  13977 |  34 | 1067.9 |
       Dungeon |  16337 |  14123 |   2214 |    998 |   7100 |  15 | 1089.1 |
        Temple |     37 |     20 |     17 |      0 |      0 |   1 |   37.0 |
          Lair |   6643 |   5817 |    826 |    153 |   3322 |   5 | 1328.6 |
        Shoals |   1899 |   1815 |     84 |    141 |    251 |   3 |  633.0 |
     Snake Pit |   6810 |   6657 |    153 |   1557 |   2015 |   4 | 1702.5 |
  Orcish Mines |   1906 |   1708 |    198 |      0 |    627 |   2 |  953.0 |
   Elven Halls |    441 |    441 |      0 |      0 |     99 |   1 |  441.0 |
        Vaults |     14 |     14 |      0 |      0 |      0 |   1 |   14.0 |
        Depths |   1047 |   1046 |      1 |     47 |    201 |   1 | 1047.0 |
      Ice Cave |   1169 |   1169 |      0 |    227 |    362 |   1 | 1169.0 |
               +--------+--------+--------+--------+--------+-----+--------+

Top non-repeatable levels by time:
 Snake:2: 1888 daAuts
  Lair:3: 1843 daAuts
    D:12: 1770 daAuts
 Snake:4: 1681 daAuts
 Snake:3: 1647 daAuts
 Snake:1: 1594 daAuts
    D:15: 1575 daAuts
  Lair:5: 1527 daAuts
    D:14: 1467 daAuts
    D:11: 1406 daAuts
   Orc:2: 1338 daAuts
     D:7: 1292 daAuts
  Lair:1: 1258 daAuts
   IceCv: 1169 daAuts
     D:9: 1095 daAuts
